 Dungeon Crawl Stone Soup version 0.23.2-40-g277498a001 (webtiles) character file.

Game seed: 1542903920437417965

5693 Hylith the Basher (level 10, -7/65 HPs)
             Began as a Gargoyle Fighter on Aug 20, 2019.
             Was a Priest of Makhleb.
             Mangled by a yak (10 damage)
             ... on level 9 of the Dungeon.
             The game lasted 00:13:58 (8643 turns).

Hylith the Basher (Gargoyle Fighter)                Turns: 8643, Time: 00:13:58

Health: -7/65      AC: 22    Str: 23    XL:     10   Next: 76%
Magic:  10/10      EV:  7    Int:  9    God:    Makhleb [***...]
Gold:   481        SH: 11    Dex:  9    Spells: 9/9 levels left

rFire    . . .     SeeInvis .   a - +0 flail
rCold    + . .     Gourm    .   c - +0 shield
rNeg     + . .     Faith    .   z - +2 chain mail {rPois}
rPois    ∞         Spirit   .   j - +0 helmet
rElec    +         Reflect  .   r - +1 cloak
rCorr    +         Harm     .   (no gloves)
MR       .....                  (no boots)
Stlth    ..........             (no amulet)
HPRegen  0.20/turn              l - ring of protection from cold
MPRegen  0.12/turn              E - ring of resist corrosion

@: no status effects
A: negative energy resistance 1, electricity resistance, unbreathing,
petrification resistance, rot immunity, AC +7
a: Minor Destruction, Lesser Servant of Makhleb, Renounce Religion


You were on level 9 of the Dungeon.
You worshipped Makhleb.
Makhleb was most pleased with you.
You were not hungry.

You visited 2 branches of the dungeon, and saw 10 of its levels.

You collected 481 gold pieces.

Inventory:

Hand Weapons
 a - a +0 flail (weapon)
 K - a +0 war axe of flaming
Missiles
 w - 14 tomahawks (quivered)
Armour
 c - a +0 shield (worn)
 j - a +0 helmet (worn)
 q - a +0 plate armour
 r - a +1 cloak (worn)
 z - a +2 chain mail of poison resistance (worn)
Jewellery
 l - a ring of protection from cold (left hand)
 E - a ring of resist corrosion (right hand)
Wands
 s - a wand of random effects (18)
 y - a wand of digging (5)
 C - a wand of flame (40)
 I - a wand of scattershot (5)
Scrolls
 i - 4 scrolls of teleportation {unknown}
 k - 2 scrolls of enchant armour {unknown}
 n - 5 scrolls of remove curse
 p - a scroll of blinking {unknown}
 u - 2 scrolls of amnesia {unknown}
 v - 3 scrolls of fog {unknown}
 x - a scroll of immolation {unknown}
 B - 3 scrolls of identify
 D - a scroll of random uselessness {unknown}
 F - 5 scrolls of enchant weapon {unknown}
 G - a scroll of noise {unknown}
 H - a scroll of torment {unknown}
Potions
 b - a potion of heal wounds {unknown}
 d - a potion of might
 e - a potion of agility
 g - a potion of lignification {unknown}
 h - a potion of mutation {unknown}
 m - 3 potions of resistance {unknown}
 o - 4 potions of curing
 t - a potion of cancellation
 A - 2 potions of magic {unknown}
 L - a potion of haste {unknown}
 M - a potion of degeneration {unknown}
 N - a potion of brilliance {unknown}
Comestibles
 f - 20 rations
 J - 8 chunks of flesh


   Skills:
 + Level 8.8 Fighting
 * Level 11.2 Maces & Flails
 - Level 4.0 Armour
 - Level 2.0 Dodging
 - Level 1.0 Stealth
 + Level 8.8 Shields


You had 9 spell levels left.
You didn't know any spells.
Your spell library contained the following spells:

 Spells                   Type           Power        Failure   Level  Hunger
 Confusing Touch          Hex            #.....       100%        1    ##.....
 Confuse                  Hex            #.......     100%        3    ####...
 Gell's Gravitas          Tloc           #.........   100%        3    ####...
 Petrify                  Tmut/Erth      #.......     100%        4    #####..
 Metabolic Englaciation   Hex/Ice        #.........   100%        5    ######.
 Yara's Violent Unravell  Hex/Tmut       #.........   100%        5    ######.


Dungeon Overview and Level Annotations

Branches:
Dungeon (9/15)             Temple (1/1) D:5
   Lair: D:8-11         Orc: D:9-12

Altars:
Cheibriados
Dithmenos
Elyvilon
Fedhas
Gozag
Hepliaklqana
Kikubaaqudgha
Makhleb
Nemelex Xobeh
Qazlal
Ru
Sif Muna
Trog
Uskayaw
Wu Jian
Xom
Yredelemnul
Zin
The Shining One


Innate Abilities, Weirdness & Mutations

You are resistant to torment.
Your stone body is resilient. (AC +7)
You are immune to poison.
You resist negative energy. (rN+)
You are resistant to electric shocks. (rElec)
You can survive without breathing.
You are immune to petrification.
You are immune to rotting.


Message History

You block the yak's attack.
You barely miss the yak.
The yak is almost dead.
The yak gores you but does no damage. x2; The yak barely misses you.
You closely miss the yak.
The yak is almost dead.
The yak barely misses you.
The yak gores you but does no damage. x2
Your chain mail prevents you from hitting the yak.
The yak is almost dead.
The yak gores you.
* * * LOW HITPOINT WARNING * * *
The yak barely misses you.
You barely miss the yak.
The yak is almost dead.
The yak gores you but does no damage. You block the yak's attack.
The yak gores you but does no damage.
You barely miss the yak.
The yak is almost dead.
The yak barely misses you. The yak gores you!
You die...

#######..........#
#................#
#)...............#
#................#
#................#
#................#
#................#
+YY..##...###...##
#@Y..##...# #####
#######....#
.....# #.....#
#.....# ##...##


You could see 3 yaks.

Vanquished Creatures
  A two-headed ogre (D:8)
  3 hippogriffs
  Sigmund (D:6)
  A spriggan (D:7)
  A hungry ghost (D:8)
  Eustachio (D:4)
  5 yaks
  Duvessa (D:6)
  3 ice beasts (D:8)
  An orc warrior (D:6)
  A phantom (D:8)
  A sky beast (D:6)
  An ogre (D:8)
  A big kobold (D:8)
  2 bullfrogs
  2 scorpions
  Dowan (D:6)
  6 killer bees (D:9)
  6 wights (D:8)
  2 electric eels (D:7)
  3 howler monkeys
  2 crimson imps
  3 bullfrog zombies
  18 orc wizards
  A hound (D:6)
  6 orc priests
  A bullfrog skeleton (D:5)
  Crazy Yiuf (D:2)
  A centaur skeleton (D:8)
  Terence (D:2)
  Jessica (D:2)
  Ijyb (D:3)
  6 worker ants
  A killer bee zombie (D:3)
  Robin (D:2)
  4 gnolls (D:4)
  11 adders
  4 worms
  2 dart slugs
  4 leopard geckos
  36 orcs
  A ball python (D:2)
  9 bats
  5 giant cockroaches
  17 goblins
  9 hobgoblins
  4 jackals (D:6)
  3 quokkas
  9 frilled lizards
  7 kobolds
  A leopard gecko zombie (D:5)
  9 rats
223 creatures vanquished.

Notes
Turn   | Place    | Note
-------+----------+-------------------------------------------
     0 | D:1      | Hylith the Gargoyle Fighter began the quest for the Orb.
     0 | D:1      | Reached XP level 1. HP: 14/14 MP: 1/1
    60 | D:1      | Found a shadowy altar of Dithmenos.
   242 | D:1      | Reached XP level 2. HP: 19/19 MP: 2/2
   706 | D:1      | Reached XP level 3. HP: 23/23 MP: 3/3
  1009 | D:2      | Noticed Robin
  1078 | D:2      | Killed Robin
  1078 | D:2      | Reached skill level 3 in Maces & Flails
  1166 | D:2      | Reached XP level 4. HP: 22/28 MP: 4/4
  1261 | D:2      | Noticed Terence
  1277 | D:2      | Killed Terence
  1277 | D:2      | Reached skill level 1 in Dodging
  1650 | D:2      | Noticed Jessica
  1661 | D:2      | Killed Jessica
  1661 | D:2      | Reached XP level 5. HP: 29/32 MP: 5/5
  1737 | D:2      | Found a runed translucent door.
  1738 | D:2      | Noticed Crazy Yiuf
  1746 | D:2      | Killed Crazy Yiuf
  2016 | D:3      | Reached skill level 4 in Maces & Flails
  2080 | D:3      | Noticed Ijyb
  2102 | D:3      | Killed Ijyb
  2125 | D:3      | Found a sacrificial altar of Ru.
  2128 | D:3      | Reached XP level 6. HP: 38/38 MP: 6/6
  2359 | D:3      | Reached skill level 5 in Maces & Flails
  2791 | D:4      | Reached skill level 1 in Stealth
  2791 | D:4      | Reached XP level 7. HP: 42/44 MP: 7/7
  2960 | D:4      | Noticed Eustachio
  2979 | D:4      | Killed Eustachio
  2979 | D:4      | Reached skill level 6 in Maces & Flails
  2999 | D:5      | Entered Level 5 of the Dungeon
  3271 | D:4      | Reached skill level 5 in Fighting
  3460 | D:4      | Reached skill level 5 in Shields
  3460 | D:4      | Reached XP level 8. HP: 49/49 MP: 8/8
  4431 | D:5      | Found a staircase to the Ecumenical Temple.
  4440 | D:5      | Reached skill level 7 in Maces & Flails
  4450 | Temple   | Entered the Ecumenical Temple
  4602 | Temple   | Became a worshipper of Makhleb the Destroyer
  5486 | D:6      | Noticed a yak
  5488 | D:6      | Noticed a yak
  5490 | D:6      | Noticed a yak
  5502 | D:6      | Killed a yak
  5504 | D:6      | Killed a yak
  5504 | D:6      | Reached skill level 8 in Maces & Flails
  5521 | D:6      | Killed a yak
  5521 | D:6      | Reached XP level 9. HP: 10/56 MP: 9/9
  5814 | D:6      | Noticed Sigmund
  5856 | D:6      | Killed Sigmund
  6172 | D:6      | Reached * piety under Makhleb
  6390 | D:6      | Noticed Dowan
  6395 | D:6      | Killed Dowan
  6395 | D:6      | Noticed Duvessa
  6415 | D:6      | Killed Duvessa
  6717 | D:7      | Reached skill level 9 in Maces & Flails
  7452 | D:8      | Got a smoking bone ring
  7499 | D:8      | Reached ** piety under Makhleb
  7499 | D:8      | Reached skill level 10 in Maces & Flails
  7499 | D:8      | Reached XP level 10. HP: 61/64 MP: 10/10
  7993 | D:8      | Noticed a two-headed ogre
  7999 | D:8      | Identified the ring of Sideceev {*Tele +Blink Str-2 SInv}
                  | (You found it on level 8 of the Dungeon)
  8003 | D:8      | Killed a two-headed ogre
  8499 | D:9      | Reached skill level 11 in Maces & Flails
  8612 | D:9      | Reached *** piety under Makhleb
  8641 | D:9      | HP: 3/65 [yak (5)]
  8643 | D:9      | Mangled by a yak

Skill      XL: |  1  2  3  4  5  6  7  8  9 10 |
---------------+-------------------------------+-----
Maces & Flails | 3 4 5 6 8 10 11 | 11.2
Dodging        | 1 2 |  2.0
Shields        | 4 5 6 7 8 |  8.8
Armour         | 4 |  4.0
Fighting       | 4 5 6 7 8 |  8.8
Stealth        | 1 |  1.0

Action                   |  1- 3 |  4- 6 |  7- 9 | 10-12 || total
-------------------------+-------+-------+-------+-------++-------
Melee: Flail             |   163 |   243 |   656 |   252 ||  1314
Throw: Tomahawk          |       |       |     3 |       ||     3
Evoke: Wand              |       |       |       |     2 ||     2
  Use: Scroll            |       |     4 |       |       ||     4
 Stab: Paralysed         |       |     4 |       |       ||     4
  Eat: Chunk             |     1 |     6 |    15 |     6 ||    28
       Ration            |       |       |     1 |       ||     1
Armor: Scale mail        |    99 |    25 |       |       ||   124
       Plate armour      |       |   103 |    87 |       ||   190
       Chain mail        |       |       |   278 |   158 ||   436
Dodge: Dodged            |    48 |    56 |   123 |    84 ||   311
Block: Shield            |    77 |   114 |   319 |   183 ||   693
